AoeStats
← Botz Jepe

Arena

508947382Analyzed
1v1 RM · 9d ago on Sep 24, 2026· 55m 6s· 2 players
Game mode
Random Map
Map size
Tiny (2 player)
Population
200
Speed
Normal
Resources
Standard
Victory
Conquest
Starting age
Dark Age
Ending age
Imperial Age
RankedLock teamsTeams togetherTeam positionsShared explorationLock speedFull tech treeHidden civsTurbo modeCheats
Victory
Defeat
🇫🇮 Malians · Finland
658
+17
🇮🇱 Franks · Israel
669
-20
Botz Jepe
10:27 Feudal Age
12:07 Loom
12:43 Double-Bit Axe
16:13 Castle Age
15:23 Horse Collar
15:39 Gold Mining
18:16 Bow Saw
22:24 Heavy Plow
22:20 Stone Mining
25:34 Scale Mail Armor
25:42 Scale Barding Armor
27:18 Husbandry
27:31 Bloodlines
27:15 Pikeman
27:55 Squires
28:00 Scale Mail Armor
27:58 Pikeman
28:38 Squires
29:50 Wheelbarrow
29:00 Town Watch
30:53 Hand Cart
31:09 Chain Mail Armor
31:14 Chain Barding Armor
30:56 Padded Archer Armor
30:46 Fletching
32:55 Tigui
36:10 Imperial Age
35:07 Gold Shaft Mining
36:05 Forging
38:11 Farimba
37:55 Cavalier
40:30 Conscription
41:43 Plate Barding Armor
41:38 Plate Mail Armor
44:05 Sappers
45:10 Hoardings
47:21 Leather Archer Armor
47:45 Iron Casting
50:45 Crop Rotation
Orenzinho
7:51 Loom
9:55 Feudal Age
10:54 Double-Bit Axe
12:59 Wheelbarrow
17:53 Scale Barding Armor
20:00 Castle Age
21:56 Bow Saw
22:19 Hand Cart
24:04 Chain Barding Armor
32:54 Husbandry
35:09 Forging
37:57 Imperial Age
36:57 Town Watch
40:35 Cavalier
41:16 Capped Ram
43:11 Conscription
46:42 Plate Barding Armor
47:09 Paladin
50:30 Iron Casting
50:08 Onager
53:18 Scale Mail Armor
54:45 Squires
Connection lost

Rejoining the realm…

Still unreachable

The connection could not be restored.

Session expired

The server has moved on; the page needs a fresh start.